 Dungeon Crawl Stone Soup version 0.28.0-45-g0d030f2227 (webtiles) character file.

Game seed: 14059081828353950636

192 brightshaft the Chopper (level 5, 0/30 HPs)
             Began as a Gargoyle Gladiator on Apr 16, 2022.
             Was a Follower of Uskayaw.
             Slain by a phantom (6 damage)
             ... on level 4 of the Dungeon.
             The game lasted 00:06:11 (4037 turns).

brightshaft the Chopper (Gargoyle Gladiator)        Turns: 4037, Time: 00:06:12

Health: 0/30       AC: 13    Str: 19    XL:     5   Next: 71%
Magic:  5/5        EV: 12    Int:  9    God:    Uskayaw [*.....]
Gold:   237        SH:  0    Dex: 11    Spells: 4/4 levels left

rFire   . . .      SeeInvis .   a - +0 war axe
rCold   . . .      Faith    .   (no shield)
rNeg    + . .      Spirit   .   r - +0 leather armour
rPois   ∞          Reflect  .   c - +1 helmet
rElec   +          Harm     .   (no cloak)
rCorr   .          Rampage  .   (no gloves)
Will    .....                   (no boots)
Stlth   +.........              (no amulet)
HPRegen 0.10/turn               g - +4 ring of protection
MPRegen 0.09/turn               (no ring)

@: no status effects
A: sickness immunity, AC +4, negative energy resistance 1, electricity
resistance, torment resistance 1, petrification resistance
a: Renounce Religion, Stomp


You were on level 4 of the Dungeon.
You worshipped Uskayaw.
Uskayaw was noncommittal.
You visited 1 branch of the dungeon, and saw 4 of its levels.

You collected 237 gold pieces.

Inventory:

Hand Weapons
 a - a +0 war axe (weapon)
 b - a +0 hunting sling
Missiles
 d - 2 throwing nets (quivered)
 s - 158 stones
 t - 19 sling bullets
Armour
 c - a +1 helmet (worn)
 r - a +0 leather armour (worn)
Jewellery
 g - a +4 ring of protection (left hand)
Wands
 p - a wand of digging (7)
 q - a wand of flame (21) {@v2}
Scrolls
 h - 2 scrolls of fear {unknown}
 l - 2 scrolls of enchant armour
 m - a scroll of amnesia {unknown}
 n - 2 scrolls of identify {@r1}
Potions
 e - a potion of berserk rage {unknown}
 f - a potion of lignification {unknown}
 i - 3 potions of heal wounds {@q2}
 j - 2 potions of brilliance {unknown}
 k - 3 potions of might
 o - a potion of attraction {unknown}
 u - 2 potions of invisibility {unknown}


   Skills:
 - Level 2.1 Fighting
 + Level 5.6 Axes
 - Level 1.7 Throwing
 - Level 2.4 Dodging


You had 4 spell levels left.
You didn't know any spells.
Your spell library contained the following spells:

 Spells                   Type           Power      Damage    Failure   Level
 Sandblast                Erth           0%         2d4       43%         1
 Passwall                 Tmut/Erth      0%         N/A       58%         2
 Stone Arrow              Conj/Erth      0%         3d7       82%         3


Dungeon Overview and Level Annotations

Branches:
Dungeon (4/15)
 Temple: D:4-7

Altars:
Uskayaw
Zin


Innate Abilities, Weirdness & Mutations

You are immune to sickness and miasma.
Your stone body is resilient. (AC +4)
You are immune to poison.
You resist negative energy. (rN+)
You are resistant to electric shocks. (rElec)
You are resistant to unholy torment.
You are immune to petrification.


Message History

Non-targeted confused fire: 161 stones
Press: ? - help, Q - select action, (/) - cycle Dir - look around, f - activate Look: a phantom (severely damaged)
You shoot a stone. The stone misses the phantom.
The phantom hits you but does no damage.
The orc wizard points at you and mumbles some strange words.
You resist with some effort.
Non-targeted confused fire: 160 stones
Press: ? - help, Q - select action, (/) - cycle Dir - look around, f - activate Look: a phantom (severely damaged)
You shoot a stone. The phantom misses you.
The orc wizard hits you but does no damage.
The hobgoblin closely misses you.
Non-targeted confused fire: 159 stones
Press: ? - help, Q - select action, (/) - cycle Dir - look around, f - activate Look: a phantom (severely damaged)
You shoot a stone. The phantom hits you.
* * * LOW HITPOINT WARNING * * *
The phantom blinks!
You blink.
You feel less confused.
An orc comes into view. It is wielding a +0 club.
The orc shouts!
a - a +0 war axe (weapon)
The phantom hits you but does no damage.
The orc completely misses you.
You closely miss the orc. You barely miss the phantom.
The orc barely misses you.
The phantom hits you but does no damage.
You hit the orc but do no damage. You closely miss the phantom.
The orc barely misses you.
The phantom hits you but does no damage.
You closely miss the orc. You barely miss the phantom.
The orc barely misses you. The phantom misses you.
The orc hits you but does no damage.
You slash the orc!
You kill the orc!
You hit the phantom. The phantom hits you.
You die...

## ### .####### ### #..
# .......###.# #.#.# .
...........#####.#....
###......).((..(.((..(
##..8o8..#######)##...
#.8...g.8.# #@#
#......W..# #W#
#..##'##..######o###.###
..##._.##.#..(.og.......
...#####..#..§o......###
.........(..(##.####.#
.#####...######.# .. .#
#..## #.# ## .# #..# #.#


You could see a phantom, an orc wizard, an orc and a hobgoblin.

Vanquished Creatures
  Ijyb (D:3)
  A hound (D:4)
  An iguana (D:4)
  3 adders
  A dart slug (D:1)
  2 orcs
  7 ball pythons
  2 bats
  3 endoplasms
  3 giant cockroaches
  9 hobgoblins
  3 jackals (D:3)
  4 quokkas
  2 frilled lizards
  19 goblins
  8 kobolds
  4 rats
73 creatures vanquished.

Vanquished Creatures (collateral kills)
  A goblin (D:2)
  A ball python (D:2)
2 creatures vanquished.

Grand Total: 75 creatures vanquished

Notes
Turn   | Place    | Note
-------+----------+-------------------------------------------
     0 | D:1      | brightshaft the Gargoyle Gladiator began the quest for the
                  | Orb.
     0 | D:1      | Reached XP level 1. HP: 12/12 MP: 1/1
   103 | D:1      | Reached skill level 3 in Axes
   244 | D:1      | Reached XP level 2. HP: 17/17 MP: 2/2
   502 | D:1      | Found a faded altar of an unknown god.
   872 | D:2      | Found a hide-covered altar of Uskayaw.
   877 | D:2      | Became a worshipper of Uskayaw the Reveller
   887 | D:2      | Reached XP level 3. HP: 21/21 MP: 3/3
   940 | D:2      | Reached * piety under Uskayaw
   943 | D:2      | Reached ** piety under Uskayaw
  1043 | D:2      | Reached skill level 4 in Axes
  1486 | D:2      | Reached XP level 4. HP: 21/26 MP: 4/4
  2825 | D:3      | Noticed Ijyb
  2840 | D:3      | Killed Ijyb
  2841 | D:3      | Reached skill level 5 in Axes
  2841 | D:3      | Reached XP level 5. HP: 13/30 MP: 5/5
  3791 | D:4      | Noticed a two-headed ogre
  3928 | D:4      | Found a glowing silver altar of Zin.
  3952 | D:4      | Noticed a phantom
  4037 | D:4      | Slain by a phantom

Illustrated notes

Levels and vault maps discovered:
D:1:      dpeg_arrival_prison, layout_basic, hellmonk_ecumenical_altar_lost_god
D:2:      cheibrodos_greedy_goblins, layout_basic, basic_altar
D:3:      kennysheep_goblin_castle, layout_basic
D:4:      kennysheep_spiral_hall, layout_loops_ring, zin_statuary,
          tso_oasis_becter

Skill      XL: |  1  2  3  4 |
---------------+-------------+-----
Axes           | 3 4 5 |  5.6
Fighting       | |  2.1
Throwing       | |  1.7
Dodging        | |  2.4

Action                   |  1- 3 |  4- 6 || total
-------------------------+-------+-------++-------
Melee: War axe           |   104 |   119 ||   223
       Punch             |       |     1 ||     1
 Fire: Hunting sling     |       |    36 ||    36
Throw: Throwing net      |       |     1 ||     1
Invok: Line Pass         |       |     1 ||     1
  Use: Scroll            |     3 |       ||     3
Armor: Leather armour    |    45 |    80 ||   125
Dodge: Dodged            |    85 |   104 ||   189
